 Dungeon Crawl Stone Soup version 0.25.0-1-g7eea58d (webtiles) character file.

Game seed: 1836735811017737398

2067 lyrin the Covert (level 9, -2/45 HPs)
             Began as a Vampire Hunter on June 28, 2020.
             Was a Follower of Hepliaklqana.
             Slain by an orc warrior
             ... wielding a +0 halberd
              (21 damage)
             ... on level 5 of the Dungeon.
             The game lasted 00:23:37 (9891 turns).

lyrin the Covert (Vampire Hunter)                   Turns: 9891, Time: 00:23:38

Health: -2/45      AC:  5    Str: 14    XL:     9   Next: 5%
Magic:  9/9        EV: 15    Int: 14    God:    Hepliaklqana [*.....]
Gold:   96         SH:  0    Dex: 14    Spells: 8/8 levels left

rFire    . . .     SeeInvis +   i - +1 dagger (venom)
rCold    + + .     Gourm    .   (no shield)
rNeg     + + +     Faith    .   b - +0 leather armour
rPois    ∞         Spirit   .   (no helmet)
rElec    .         Reflect  .   x - +0 cloak
rCorr    .         Harm     .   (no gloves)
MR       .....                  l - +0 pair of boots
Stlth    ++++++....             (no amulet)
HPRegen  0.00/turn              (no ring)
MPRegen  0.11/turn              (no ring)

@: bloodless
A: no food, reduced essence, fangs 3, see invisible, unbreathing
a: Bat Form, Revivify, Recall Ancestor, Ancestor Identity, Renounce Religion


You were on level 5 of the Dungeon.
You worshipped Hepliaklqana.
Hepliaklqana was aware of your devotion.
You were bloodless.

You visited 2 branches of the dungeon, and saw 7 of its levels.

You collected 336 gold pieces.
You spent 240 gold pieces at shops.

Inventory:

Hand Weapons
 g - a +3 dagger
 i - a +1 dagger of venom (weapon)
Missiles
 c - 5 javelins (quivered)
 d - 2 throwing nets
Armour
 b - a +0 leather armour (worn)
 l - a +0 pair of boots (worn)
 x - a +0 cloak (worn)
Wands
 p - a wand of disintegration (12)
 v - a wand of digging (3)
 w - a wand of polymorph (9)
Scrolls
 e - 4 scrolls of identify {unknown}
 f - 6 scrolls of remove curse {unknown}
 j - 3 scrolls of teleportation {unknown}
 k - a scroll of magic mapping {unknown}
 n - a scroll of amnesia {unknown}
 o - a scroll of random uselessness {unknown}
 s - 2 scrolls of enchant weapon {unknown}
 u - 4 scrolls of enchant armour {unknown}
Potions
 a - 2 potions of flight {unknown}
 h - a potion of cancellation {unknown}
 m - 5 potions of curing
 q - 2 potions of ambrosia {unknown}
 r - 3 potions of lignification {unknown}
 t - 2 potions of stabbing {unknown}
 z - 2 potions of magic {unknown}
 A - a potion of haste {unknown}


   Skills:
 + Level 4.0 Fighting
 * Level 8.3 Short Blades
 - Level 3.2 Throwing
 - Level 0.3 Armour
 + Level 5.8 Dodging
 + Level 9.8 Stealth


You had 8 spell levels left.
You didn't know any spells.
Your spell library contained the following spells:

 Spells                   Type           Power        Failure   Level  Hunger
 Animate Skeleton         Necr           N/A          36%         1    N/A
 Freeze                   Ice            #...         36%         1    N/A
 Magic Dart               Conj           #...         36%         1    N/A
 Pain                     Necr           #...         36%         1    N/A
 Sandblast                Erth           #.....       36%         1    N/A
 Summon Small Mammal      Summ           #...         36%         1    N/A
 Blink                    Tloc           N/A          50%         2    N/A
 Call Imp                 Summ           #.......     50%         2    N/A
 Passwall                 Tmut/Erth      #.......     50%         2    N/A
 Slow                     Hex            #.......     50%         2    N/A
 Call Canine Familiar     Summ           #.......     73%         3    N/A
 Confusing Touch          Hex            #.......     73%         3    N/A
 Conjure Flame            Conj/Fire      #.......     73%         3    N/A
 Frozen Ramparts          Ice            #.....       73%         3    N/A
 Gell's Gravitas          Tloc           #.........   73%         3    N/A
 Mephitic Cloud           Conj/Pois/Air  #.......     73%         3    N/A
 Ozocubu's Armour         Chrm/Ice       #.......     73%         3    N/A
 Stone Arrow              Conj/Erth      #.....       73%         3    N/A
 Summon Guardian Golem    Hex/Summ       #.......     73%         3    N/A
 Vampiric Draining        Necr           #.........   73%         3    N/A
 Animate Dead             Necr           N/A          98%         4    N/A
 Hailstorm                Conj/Ice       #.......     98%         4    N/A
 Petrify                  Tmut/Erth      #.......     98%         4    N/A
 Summon Ice Beast         Ice/Summ       #.......     98%         4    N/A
 Summon Lightning Spire   Summ/Air       #.......     98%         4    N/A
 Agony                    Necr           #.......     100%        5    N/A
 Lee's Rapid Deconstruct  Erth           #.........   100%        5    N/A
 Metabolic Englaciation   Hex/Ice        #.........   100%        5    N/A
 Yara's Violent Unravell  Hex/Tmut       #.........   100%        5    N/A

Dungeon Overview and Level Annotations

Branches:
Dungeon (6/15)             Temple (1/1) D:4

Altars:
Ashenzari
Cheibriados
Fedhas
Gozag
Hepliaklqana
Kikubaaqudgha
Makhleb
Okawaru
Sif Muna
Trog
Wu Jian
Xom
Zin
The Shining One

Shops:
D:4 :

Annotations:
D:3 Menkaure


Innate Abilities, Weirdness & Mutations

You do not eat.
You do not regenerate when monsters are visible.
You are frail without blood (-20% HP).
You can heal yourself when you bite living creatures.
You are immune to poison.
You have razor-sharp teeth.
You have supernaturally acute eyesight. (SInv)
You can survive without breathing.
Your life essence is reduced to manifest your ancestor. (-10% HP)


Message History

Necuametl has departed this plane of existence.
There is a stone staircase leading up here.
The orc warrior shouts!
You hit the orc.
The orc is moderately wounded.
You hear a shout!
You hear an angry growl.
You hit the orc.
The orc is poisoned.
The orc is heavily wounded.
The orc hits you.
You closely miss the orc.
The orc is heavily wounded.
The orc closely misses you.
You kill the orc!
The orc warrior hits you with a +0 halberd!
There is a stone staircase leading up here.
You climb upwards.
There is a stone staircase leading down here.
The orc warrior closely misses you.
The orc warrior hits you from afar with a +0 halberd!!
You die...

#..###..# #.# ###
#......#########.# #
###....##........### #
#...###.##.......### # ###.#
#.##.#.......# #
#.###.##.##..###.########
#########........###.# #.........
............#.######.###.########
####.######.#...@.o......#
...#.#.####.########.#####
..##.#...##.## #.# .##..#[..##..#
#.########
'#...#....#..#######..).....#
.....#'...#...........#####.#####
......###.#...#.####[.#####.#...#
.......####.#.#.####)>##....)...#
..#.........#.......).)..##.#...#


You could see an orc warrior.

Vanquished Creatures
  Prince Ribbit (D:5)
  Grinder (D:5)
  Edmund (D:4)
  An orc warrior (D:5)
  A sky beast (D:5)
  A black bear (D:5)
  An ogre (D:5)
  3 scorpions
  A howler monkey (D:5)
  A centaur zombie (D:6)
  A crimson imp (D:5)
  3 orc priests
  A bullfrog skeleton (D:4)
  3 iguanas
  Ijyb (D:5)
  2 orc wizards (D:4)
  2 worker ants
  A hound skeleton (D:5)
  6 adders
  2 gnolls (D:3)
  2 shadow imps
  2 oozes
  3 worms (D:3)
  2 dart slugs
  6 leopard geckos
  17 orcs
  A ball python (D:3)
  6 bats
  6 giant cockroaches
  4 goblins
  9 hobgoblins
  8 jackals
  2 quokkas
  A ball python skeleton (D:4)
  6 frilled lizards
  A jackal zombie (D:5)
  10 kobolds
  9 rats
129 creatures vanquished.

Vanquished Creatures (collateral kills)
  A phantom (D:5)
  An ogre (D:5)
  A jelly (D:5)
  A hound (D:5)
  Crazy Yiuf (D:5)
  An orc priest (D:5)
  An orc wizard (D:4)
  A worker ant (D:5)
  2 gnolls (D:3)
  5 orcs
  A jackal (D:4)
  A frilled lizard (D:4)
  A leopard gecko skeleton (D:5)
18 creatures vanquished.

Vanquished Creatures (others)
  5 ancestors
5 creatures vanquished.

Grand Total: 152 creatures vanquished

Notes
Turn   | Place    | Note
-------+----------+-------------------------------------------
     0 | D:1      | lyrin the Vampire Hunter began the quest for the Orb.
     0 | D:1      | Reached XP level 1. HP: 16/16 MP: 1/1
    37 | D:1      | Reached skill level 2 in Stealth
   239 | D:1      | Reached skill level 1 in Short Blades
   262 | D:1      | Reached XP level 2. HP: 22/22 MP: 2/2
   624 | D:1      | Reached XP level 3. HP: 27/27 MP: 3/3
  1249 | D:2      | Reached XP level 4. HP: 33/33 MP: 4/4
  1367 | D:2      | Reached skill level 3 in Stealth
  1433 | D:2      | Found an iron altar of Okawaru.
  1433 | D:2      | Found a bloodstained altar of Trog.
  1526 | D:2      | Found a glowing silver altar of Zin.
  1836 | D:3      | Reached XP level 5. HP: 38/38 MP: 5/5
  2265 | D:3      | Found a snail-covered altar of Cheibriados.
  2305 | D:3      | Found a shimmering altar of Xom.
  2366 | D:3      | Reached skill level 4 in Stealth
  2566 | D:4      | Found Bouho's Book Shop.
  2566 | D:4      | Found a staircase to the Ecumenical Temple.
  2649 | D:4      | Noticed Menkaure
  2651 | Temple   | Entered the Ecumenical Temple
  2860 | Temple   | Became a worshipper of Hepliaklqana the Forgotten
  3198 | D:4      | Reached XP level 6. HP: 21/32 MP: 6/6
  4886 | D:4      | Found a glowing golden altar of the Shining One.
  5157 | D:4      | Reached skill level 5 in Short Blades
  5256 | D:4      | Bought a book of Misfortune for 240 gold pieces
  5907 | D:4      | Noticed Edmund
  5918 | D:4      | Killed Edmund
  5918 | D:4      | Reached skill level 5 in Stealth
  5918 | D:4      | Reached XP level 7. HP: 35/35 MP: 7/7
  6385 | D:5      | Entered Level 5 of the Dungeon
  6463 | D:5      | Noticed Prince Ribbit
  6473 | D:5      | Killed Prince Ribbit
  6521 | D:5      | Noticed Ijyb
  6527 | D:5      | Killed Ijyb
  6674 | D:5      | Reached skill level 6 in Stealth
  6682 | D:5      | Reached skill level 5 in Dodging
  6682 | D:5      | Reached XP level 8. HP: 16/40 MP: 8/8
  6942 | D:5      | Noticed Grinder
  7053 | D:5      | Found an ornate altar of the Wu Jian Council.
  7779 | D:5      | Reached skill level 7 in Stealth
  7788 | D:5      | Found a shimmering blue altar of Sif Muna.
  7789 | D:5      | Found a blossoming altar of Fedhas.
  7793 | D:5      | Reached * piety under Hepliaklqana
  7889 | D:5      | Found a runed translucent door.
  7890 | D:5      | Noticed Crazy Yiuf
  8055 | D:5      | Paralysed by Grinder for 7 turns
  8066 | D:5      | Killed Grinder
  8066 | D:5      | Reached skill level 8 in Stealth
  8231 | D:5      | Paralysed by Crazy Yiuf for 4 turns
  8247 | D:5      | Killed Crazy Yiuf
  8701 | D:5      | Reached skill level 9 in Stealth
  9512 | D:5      | Reached XP level 9. HP: 25/45 MP: 9/9
  9891 | D:5      | Slain by an orc warrior

Illustrated notes

Levels and vault maps discovered:
D:1:      dpeg_arrival_ratfight, layout_basic, minmay_ruptured
D:2:      layout_rooms, old_standard_altar, amethyst_overflow_temple_binary,
          first_ration, minivault_4, minmay_misc_feat_x, minmay_hexomino_p4
D:3:      layout_rooms, kennysheep_slug_shrine, lemuel_round_altar
D:4:      layout_cave_pools, tso_oasis_becter, temple_fountains, serial_shops,
          nicolae_shop_trees, uniq_edmund, uniq_menkaure
D:5:      layout_loops_corners, kennysheep_mini_moat,
          chequers_temple_overflow_statue_of_worship, minmay_pentangle,
          uniq_prince_ribbit1, uniq_grinder, uniq_ijyb, uniq_crazy_yiuf_cottage
D:6:      layout_basic, kennysheep_little_box, marbit_many_paths,
          nicolae_overflow_hidden_temple, uniq_sigmund
Temple:   nicolae_temple_figure_zero

Skill      XL: |  1  2  3  4  5  6  7  8 |
---------------+-------------------------+-----
Stealth        | 2 3 4 5 6 9 |  9.8
Short Blades   | 1 2 3 4 5 6 8 |  8.3
Fighting       | 2 3 4 |  4.0
Dodging        | 3 4 5 |  5.8
Throwing       | |  3.2
Armour         | |  0.3

Action                   |  1- 3 |  4- 6 |  7- 9 || total
-------------------------+-------+-------+-------++-------
Melee: Short sword       |    29 |       |       ||    29
       Bite              |     8 |    18 |    25 ||    51
       Dagger            |    72 |   180 |   174 ||   426
Throw: Javelin           |     5 |       |       ||     5
Invok: Recall Ancestor   |       |     4 |       ||     4
 Abil: Exsanguinate      |       |     1 |       ||     1
       End Transformatio |       |     1 |       ||     1
       Bat Form          |       |     1 |       ||     1
  Use: Potion            |       |     3 |       ||     3
 Stab: Sleeping          |     7 |     3 |    15 ||    25
       Distracted        |       |     1 |     1 ||     2
Armor: Leather armour    |    15 |    39 |    21 ||    75
Dodge: Dodged            |    57 |   167 |   110 ||   334
